Workbook
Name _1._General_information: #REF!
Name _1._General_information: #REF!
Name _1._General_information: #REF!
Name _1._General_information: #REF!
Name _2._Data_reporting___questionnaire: #REF!
Name _2._Data_reporting___questionnaire: #REF!
Name _2._Data_reporting___questionnaire: #REF!
Name _2._Description_of_the_parties_involved_in_the_data_collection: #REF!
Name _2._Description_of_the_parties_involved_in_the_data_collection: #REF!
Name _2._Description_of_the_parties_involved_in_the_data_collection: #REF!
Name _2._Legal_acts: #REF!
Name _2._Legal_acts: #REF!
Name _2._Legal_acts: #REF!
Name _3._Data_reporting___questionnaire: [1]Methodology!#REF!
Name _3._Data_reporting___questionnaire: [1]Methodology!#REF!
Name _3._Data_reporting___questionnaire: [1]Methodology!#REF!
Name _3._Description_of_methods_used: #REF!
Name _3._Description_of_methods_used: #REF!
Name _3._Description_of_methods_used: #REF!
Name _3._Description_of_methods_used: #REF!
Name _3._Methodological_notes: [2]Methodology!#REF!
Name _3._Methodological_notes: [2]Methodology!#REF!
Name _3._Methodological_notes: [2]Methodology!#REF!
Name _3._Methodological_notes: [2]Methodology!#REF!
Name _3._Methodology_for_reporting_by_numbers: [1]Methodology!#REF!
Name _3._Methodology_for_reporting_by_numbers: [1]Methodology!#REF!
Name _3._Methodology_for_reporting_by_numbers: [1]Methodology!#REF!
Name _4._Accuracy_of_the_data: #REF!
Name _4._Accuracy_of_the_data: #REF!
Name _4._Accuracy_of_the_data: #REF!
Name _4._Accuracy_of_the_data: #REF!
Name _4._Data_reporting___questionnaire: [1]Methodology!#REF!
Name _4._Data_reporting___questionnaire: [1]Methodology!#REF!
Name _4._Data_reporting___questionnaire: [1]Methodology!#REF!
Name _4._Data_reporting___questionnaire: [1]Methodology!#REF!
Name _4._Methodology_for_reporting_by_numbers: [1]Methodology!#REF!
Name _4._Methodology_for_reporting_by_numbers: [1]Methodology!#REF!
Name _4._Methodology_for_reporting_by_numbers: [1]Methodology!#REF!
Name _4._Methodology_for_reporting_by_weight: [2]Methodology!#REF!
Name _4._Methodology_for_reporting_by_weight: [2]Methodology!#REF!
Name _4._Methodology_for_reporting_by_weight: [2]Methodology!#REF!
Name _5._Confidentiality: #REF!
Name _5._Confidentiality: #REF!
Name _5._Confidentiality: #REF!
Name _5._Confidentiality: #REF!
Name _6._Main_national_websites__reference_documents_and_publications: #REF!
Name _6._Main_national_websites__reference_documents_and_publications: #REF!
Name _6._Main_national_websites__reference_documents_and_publications: #REF!
Name Annual_consumption_of_lightweight_plastic_carrier_bags_QUALITY_REPORT: #REF!
Name Annual_consumption_of_lightweight_plastic_carrier_bags_QUALITY_REPORT: #REF!
Name Annual_consumption_of_lightweight_plastic_carrier_bags_QUALITY_REPORT: #REF!
Name Annual_consumption_of_lightweight_plastic_carrier_bags_QUALITY_REPORT: #REF!
Name ANNUAL_CONSUMPTION_OF_LIGHTWEIGHT_PLASTIC_CARRIER_BAGS_QUESTIONS_ON_METHODOLOGY_AND_COVERAGE: #REF!
Name ANNUAL_CONSUMPTION_OF_LIGHTWEIGHT_PLASTIC_CARRIER_BAGS_QUESTIONS_ON_METHODOLOGY_AND_COVERAGE: #REF!
Name ANNUAL_CONSUMPTION_OF_LIGHTWEIGHT_PLASTIC_CARRIER_BAGS_QUESTIONS_ON_METHODOLOGY_AND_COVERAGE: #REF!
Name COUNTRY: #REF!
Name COUNTRY: #REF!
Name COUNTRY: #REF!
Name Data_uses: [2]Methodology!#REF!
Name Data_uses: [2]Methodology!#REF!

Sheet COVER
C3: =UPPER(Lists!K3) -> STATISTICAL OFFICE OF THE EUROPEAN UNION
C5: =Lists!K4 -> Directorate E: Sectoral and regional statistics
C6: =Lists!K5 -> Unit E-2: Environmental statistics and accounts; sustainable development
C7: =UPPER(Lists!K7) -> ANNUAL REPORTING OF PLASTIC OWN RESOURCE FINANCIAL DATA
C8: =CONCATENATE(Lists!K8," DATA COLLECTION") -> 2023 DATA COLLECTION
C9: =CONCATENATE("Launching date: ",Lists!K9) -> Launching date: 1 July 2023

Sheet INDEX
E3: =UPPER(Lists!K3) -> STATISTICAL OFFICE OF THE EUROPEAN UNION
C4: =UPPER(Lists!K7) -> ANNUAL REPORTING OF PLASTIC OWN RESOURCE FINANCIAL DATA
C5: =CONCATENATE(Lists!K8," DATA COLLECTION") -> 2023 DATA COLLECTION
C7: INDEX - STRUCTURE OF THE QUESTIONNAIRE
C9: I. Basic information
C10: TITLE | D10: DESCRIPTION | E10: TYPE
C11: Index | D11: Structure of the questionnaire | E11: for information
C12: Basic instructions | D12: Basic instructions | E12: for reading before filling in the questionnaire
C13: Validation rules | D13: Validation rules | E13: for reading before filling in the questionnaire
C14: Methodology | D14: Explanatory notes and methodology | E14: for reading before filling in the questionnaire
C15: II. Reporting data (To be filled in by the country)
C16: TITLE | D16: DESCRIPTION | E16: TYPE
C17: GETTING STARTED | D17: Country and data collection definition. Administrative data. | E17: for filling in
C18: FIN_POR | D18: Table 2 - Annex I. Amount of the own resource based on non-recycled plastic packaging waste * (EUR) as established by Commission Implementing Regulation (EU) 2023/595 of 16 March 2023 | E18: for filling in
C19: Tool prefill from DECL_POR | D19: Tool for prefilling sheet FIN_POR in order to automatically calculate in FIN_POR the financial contribution | E19: For optional use by the reporting country, at their discretion.
C20: ErrorLog | D20: Validation result. List of errors and warnings revealed by the validation process | E20: for checking accurately before submitting

Sheet Basic Instructions
F3: =UPPER(Lists!K3) -> STATISTICAL OFFICE OF THE EUROPEAN UNION
C4: =UPPER(Lists!K7) -> ANNUAL REPORTING OF PLASTIC OWN RESOURCE FINANCIAL DATA
C5: =CONCATENATE(Lists!K8," DATA COLLECTION") -> 2023 DATA COLLECTION
C7: BASIC INSTRUCTIONS
C8: Before filling in the questionnaire please read carefully the instructions below. This EXCEL workbook is the questionnaire. Please do not delete or add rows in the questionnaire (except where instructed in the quality report tab).
C9: Table of contents
C10: 1. Data transmission
C11: 2. Reporting conventions
C12: 3. Methodology and questions
C14: 1. Data transmission:
C16: The standard tool for the transmission of statistical data is the eDAMIS system. The system creates a secure environment for the transmission of data, it records all data submissions and acknowledges the data delivery. The eDAMIS system has been installed in the National Statistical Institutes.
C18: Please submit this questionnaire to Eurostat using the eDAMIS reporting system. Use the following details:
C19: Domain name: | D19: =Lists!K12 -> WASTE
C20: Dataset name: | D20: =Lists!K13 -> WASTE_PORFDAT_A
C22: Should you have any questions regarding data transmission, do not hesitate to contact your local eDAMIS coordinator or the Eurostat eDAMIS helpdesk at:
C23: web page: | D23: =Lists!K14 -> https://webgate.ec.europa.eu/edamis/helpcenter/website/index.htm
C24: e-mail address: | D24: =Lists!K15 -> estat-support-edamis@ec.europa.eu
C25: telephone: | D25: =Lists!K17 -> (+352) 4301 33213
C26: For methodological questions please contact:
C27: e-mail address: | D27: =Lists!K18 -> ESTAT-WASTE-STATISTICS@EC.EUROPA.EU
C29: 2. Reporting conventions:
C31: Reporting of zeroes and not available data must follow this convention:
C32: Description | D32: Symbol
C33: Real zero | D33: 0
C34: Not available | E34: (empty cell)
C36: 1. White shaded (uncoloured) boxes: Provision of data is mandatory
C37: 2. Light blue shaded boxes: Provision of data is voluntary; these cells appear only in sheet "Tool prefill from DECL_POR", these cells are made available for the prefilling of sheet FIN_POR
C38: 3. Blue shaded box: Provision of data is voluntary; this cell appears only in sheet "Tool prefill from DECL_POR" and contains a formula; to manually input data in this cell, use command "Unlock formulas"
C39: 4. Dark blue shaded box: automatic not editable cell; this cell appears only in sheet "Tool prefill from DECL_POR" and contains a non-editable formula.
C40: 5. Grey shaded boxes: calculation is automatic from sheet "Tool prefill from DECL_POR"; to manually input data in these cells, use command "Unlock formulas"
C42: 3. Methodology and questions:
C44: The guidelines to report on plastic own resource are available on the Circabc website:
C45: =Lists!K19 -> https://circabc.europa.eu/ui/group/63da2eca-69b7-4f51-9f71-a6b4d7519046/library/32b765b9-2c10-4be4-b861-e6e48b9aa9db?p=1&n=10&sort=modified_DESC
C47: The guidelines contain definitions, examples and recommendations to ensure data are compiled and maintained on consistent basis. They explain the scope and reasoning behind the terms of the tables, and provide extra information necessary to allow a consistent collection and interpretation of the data to be reported by countries. A great effort has been put into increasing coherence and providing guidelines with practical recommendations. Full implementation of these recommendations should help to ensure that data are compiled and maintained on a consistent basis.
C48: A summary methodology is presented in this questionnaire, in the sheet named Methodology. It is essential to read this sheet before filling in the questionnaire as it contains, beside the summary methodology, important information on priorities for filling in the tables, data sources and hints for establishing a methodology at national level.
C49: If you have questions, please send them to the following email address:
C50: =Lists!K18 -> ESTAT-WASTE-STATISTICS@EC.EUROPA.EU

Sheet Methodology
F3: =UPPER(Lists!K3) -> STATISTICAL OFFICE OF THE EUROPEAN UNION
C4: =UPPER(Lists!K7) -> ANNUAL REPORTING OF PLASTIC OWN RESOURCE FINANCIAL DATA
C5: =CONCATENATE(Lists!K8," DATA COLLECTION") -> 2023 DATA COLLECTION
C7: METHODOLOGY AND LEGAL ACTS
C8: Table of contents
C9: 1. Background
C10: 2. Legal acts
C11: 3. Data reporting - questionnaire
C12: 4. Recommendations
C14: 1. Background
C16: The Council of the European Union has adopted the Council Regulation 2021/770/EU on the calculation of the own resource based on plastic packaging waste that is not recycled, on the methods and procedure for making available that own resource, on the measures to meet cash requirements, and on certain aspects of the own resource based on gross national income. Commission Implementing Regulation (EU) 2023/595 establishes the form for the statement relating to the own resource based on non-recycled plastic packaging waste pursuant to Council Regulation (EU, Euratom) 2021/770.
C18: This reporting template allows Member States to report the statement relating to the own resource based on non-recycled plastic packaging waste pursuant to Council Regulation (EU, Euratom) 2021/770 according to Commission Implementing Regulation (EU) 2023/595 (mandatory from reference year 2021). This reporting template is referring exclusively to the financial statement in Annex I Table 2 of Commission Implementing Regulation (EU) 2023/595
C20: The guidelines are available here:
C21: =Lists!K19 -> https://circabc.europa.eu/ui/group/63da2eca-69b7-4f51-9f71-a6b4d7519046/library/32b765b9-2c10-4be4-b861-e6e48b9aa9db?p=1&n=10&sort=modified_DESC
C23: 2. Legal acts
C25: Council Regulation 2021/770/EU on the calculation of the own resource based on plastic packaging waste that is not recycled, on the methods and procedure for making available that own resource, on the measures to meet cash requirements, and on certain aspects of the own resource based on gross national income.
C26: Commission Implementing Regulation (EU) 2023/595 establishes the form for the statement relating to the own resource based on non-recycled plastic packaging waste pursuant to Council Regulation (EU, Euratom) 2021/770.
C27: Directive (EU) 2018/852 of the European Parliament and of the Council of 30 May 2018 amending Directive 94/62/EC on packaging and packaging waste.
C28: Commission Implementing Decision (EU) 2019/665 of 17 April 2019 amending Decision 2005/270/EC establishing the formats relating to the database system pursuant to European Parliament and Council Directive 94/62/EC on packaging and packaging waste (notified under document C(2019) 2805).
C29: The legislation references are in the user guidance for reporting plastic own resource statement, available here:
C30: =Lists!K20 -> https://circabc.europa.eu/ui/group/63da2eca-69b7-4f51-9f71-a6b4d7519046/library/32b765b9-2c10-4be4-b861-e6e48b9aa9db?p=1&n=10&sort=modified_DESC
C32: 3. Data reporting - questionnaire
C34: This document assists Member States to report the statement relating to the own resource based on non-recycled plastic packaging waste in accordance to the Commission Implementing Regulation (EU) 2023/595. Detailed instructions can be found in the guidance document referred to above.
C35: The reporting shall cover a full calendar year.
C36: The basic instructions sheet consists of some information necessary for filling in this questionnaire correctly, like country codes, reference years, unit of measure, allowed symbols, metadata, footnotes, and transmission to Eurostat.
C37: The Commission Implementing Regulation (EU) 2023/595 requires Member States to submit to the Commission the statement relating to the own resource based on non-recycled plastic packaging waste according to these formats: - the statistical data in the annual statement shall follow the structure set out in table 1 of Annex I (article 4 point 1); these data have to be reported in questionnaire PORSDAT (the questionnaire dedicated to the statistical data); - the calculation of the amount of the own resource based on non-recycled plastic packaging waste in the annual statement shall be included in table 2 of Annex I (article 4 point 2); these data have to be reported in questionnaire PORFDAT (the questionnaire dedicated to the financial data). The statement for the first reporting year shall contain the data for 2021 (article 4 point 4)
C38: The Commission Implementing Regulation (EU) 2023/595 requires Member States to submit to the Commission any relevant information on: - the methodology on the calculation of the data reported in the explanation sections in Annex I Table 3 (article 3 from point 2 to point 6, article 4 point 3), mentioning also -- any measure taken to avoid double accounting, for instance redundancies of used data sources (surveys, databases, waste facilities operative reports...) -- any issue of undercoverage of the data sources (including an estimation of the undercoverage), -- any difference between the data obtained by the placed on the market and waste analysis measurments approaches (article 3 point 5) - the Member States must indicate in Annex II Table 1 (article 3 point 6c) any discrepancies with the plastic packaging waste levels reported under Directive 94/62/EC - the Member States must indicate any methodological changes as well as any revisions of previously reported statistical data in Annex II Table 2 (article 3 points 6a and 6b). Whenever applicable, these information have to be provided in questionnaire PORSDAT.
C39: 4. Recommendations
C40: Please send the best estimate you can by 31 July, this also means extrapolating data for the previous year with auxiliary information or other provisional estimation techniques. The data submitted on 31 July constitutes the official submission of the country statement for the plastic own resource. If the first delivery happens after 31 July, economic penalties (interest) might apply. Revisions can be sent at any time, but please bear in mind that Eurostat will process them only when possible. Data transmitted as soon as possible and before the October SPPW meeting are preferable because the annual SPPW opinion will also refer to those data. Eurostat will validate the data and hand it over to DG Budget for the budget procedures by the end of October.

Sheet Validation rules
F3: =UPPER(Lists!K3) -> STATISTICAL OFFICE OF THE EUROPEAN UNION
C4: =UPPER(Lists!K7) -> ANNUAL REPORTING OF PLASTIC OWN RESOURCE FINANCIAL DATA
C5: =CONCATENATE(Lists!K8," DATA COLLECTION") -> 2023 DATA COLLECTION
C7: VALIDATION RULES
C8: Table of contents
C9: 1. Mandatory data
C10: 2. Arithmetic rules
C13: 1. Mandatory Data:
C15: First, all the information requested in the sheet "GETTING STARTED" must be filled in before any other sheet. Then, these completeness checks apply:
D16: Sheet FIN_POR (Annex I Table 2) | E16: All disaggregated data and the final subtraction formula need to have a numeric value and must be filled in | F16: An Error severity message will appear in case of a non numerical value or an empty cell
C19: 2. Arithmetic rules
C21: All reported values in sheet FIN_POR must be equal or bigger than 0 (positive values). When a formula is including empty cells, the empty cells will be accounted as zeroes.
C22: In the next subsection there are the rules applied by sheet, with the validation rules appearing in order of severity of the discrepancy
C23: Integrity checks
D24: Sheet FIN_POR (Annex I Table 2) - final calculation of F. Total plastic own resource after reduction (D-E) ** | E24: F. Total plastic own resource after reduction (D-E) ** must match the arithmetical operation on the disaggregated values: D. Total plastic own resource (C×0,8) E. Lump sum reduction | F24: An Error severity message will appear in case the expected calculation is not coherent
C25: Validation checks (will then be completed in the validation database of Eurostat comparing also data from the Packaging questionnaire)
D26: Sheet "Tool prefill from DECL_POR" | E26: Cell G12 in sheet "Tool prefill from DECL_POR" should be equal to cell G8 in sheet FIN_POR | F26: An Warning severity message will appear in case the expected calculation is not coherent

Sheet GETTING STARTED
G3: =UPPER(Lists!K3) -> STATISTICAL OFFICE OF THE EUROPEAN UNION
C4: =UPPER(Lists!K7) -> ANNUAL REPORTING OF PLASTIC OWN RESOURCE FINANCIAL DATA
C5: =CONCATENATE(Lists!K8," DATA COLLECTION") -> 2023 DATA COLLECTION
C7: GETTING STARTED
C9: Please select your country (click on the white cell): | E9: Luxembourg | G9: =IF(E9="","",VLOOKUP(E9,Lists!A2:B41,2,FALSE)) -> LU
C10: Reference year: | E10: 2021
C11: =CONCATENATE("The due date for reporting is ",Lists!K10) -> The due date for reporting is 31 July 2023
C12: ="Who is the primary contact point for the data collection '" & Lists!K7&"' in your country?" -> Who is the primary contact point for the data collection 'Annual reporting of plastic own resource financial data' in your country?
C14: Name: | D14: Tim Mirgain
C16: Institution: | D16: Administration de l'environnement
C18: Unit: | D18: Unité surveillance et évaluation de l'environnement
C20: Telephone: | D20: 40 56 56 322
C22: Email adress: | D22: tim.mirgain@aev.etat.lu
C23: Eurostat would be grateful if you could send us the completed questionnaire ahead of the deadline.

Sheet FIN_POR
M3: =CONCATENATE("The lump sum reduction does not correspond to the amount indicated in legislation for your country: ", 'GETTING STARTED'!E9, " amount in Euro ", FIN_POR!G9) -> The lump sum reduction does not correspond to the amount indicated in legislation for your country: Luxembourg amount in Euro 0
E4: ANNEX I: Statements relating to the own resource based on non-recycled plastic packaging waste as established by Commission Implementing Regulation (EU) 2023/595
E5: ="Country: " & 'GETTING STARTED'!$G$9&" - "&'GETTING STARTED'!$E$9 -> Country: LU - Luxembourg | G5: Table 2 - Amount of the own resource based on non-recycled plastic packaging waste * (EUR)
E6: ="Reference year: " & 'GETTING STARTED'!$E$10 -> Reference year: 2021
E7: Methodology code | F7: Methodology | G7: EUR
B8: geo | C8: ='GETTING STARTED'!G9 -> LU | E8: POR_CALC_TAX | F8: D. Total plastic own resource (C×0,8) | G8: =IF(TRIM('Tool prefill from DECL_POR'!G12)="","",'Tool prefill from DECL_POR'!G12) -> 11593430 | H8: =IF(TRIM('Tool prefill from DECL_POR'!G12)="","",'Tool prefill from DECL_POR'!G12) -> 11593430
B9: time | C9: ='GETTING STARTED'!E10 -> 2021 | E9: POR_LUMP | F9: E. Lump sum reduction * | G9: =IF(LEN('GETTING STARTED'!G9)>0,VLOOKUP('GETTING STARTED'!G9,'Lists (specific)'!A2:B28,2,FALSE),"") -> 0 | H9: =IF(LEN('GETTING STARTED'!G9)>0,VLOOKUP('GETTING STARTED'!G9,'Lists (specific)'!A2:B28,2,FALSE),"") -> 0
B10: unit | C10: EUR | E10: POR_TAX | F10: F. Total plastic own resource after reduction (D-E) ** | G10: =IF(TRIM(G8)="","",MAX(G8-G9,0)) -> 11593430 | H10: =IF(TRIM(G8)="","",MAX(G8-G9,0)) -> 11593430
B11: source_table | C11: FIN_POR
E12: Notes:
E13: Cell shading:
E14: White: Data provision is mandatory
E15: Light grey: The calculation of data is automatic. Can be edited after unlocking the cell with the button "Unlock formulas".
E18: ( * ) In accordance with Article 2(1), point (c) and Article 2(2), third subparagraph of Council Decision (EU, Euratom) 2020/2053 Lump sum reductions as indicated in Article 2(2), third subparagraph of Council Decision (EU, Euratom) 2020/2053: The following Member States shall be entitled to annual lump sum reductions, expressed in current prices, to be applied to their respective contributions under point (c) of paragraph 1 in the amount of EUR 22 million for Bulgaria, EUR 32,1876 million for Czechia, EUR 4 million for Estonia, EUR 33 million for Greece, EUR 142 million for Spain, EUR 13 million for Croatia, EUR 184,0480 million for Italy, EUR 3 million for Cyprus, EUR 6 million for Latvia, EUR 9 million for Lithuania, EUR 30 million for Hungary, EUR 1,4159 million for Malta, EUR 117 million for Poland, EUR 31,3220 million for Portugal, EUR 60 million for Romania, EUR 6,2797 million for Slovenia and EUR 17 million for Slovakia
E19: (**) Please remember that this formula is a subtraction. The lump sum must be reported as positive integer. In case that the amount of total plastic own resource is lower that the lump sum, the total will be set to zero.

Sheet Tool prefill from DECL_POR
E1: NOT VALID FOR TRANSMISSION - ONLY FOR PREFILLING
G2: ANNEX I: Statements relating to the own resource based on non-recycled plastic packaging waste as established by Commission Implementing Regulation (EU) 2023/595 | H2: NOT VALID FOR TRANSMISSION - ONLY FOR PREFILLING
E3: Country: | F3: ='GETTING STARTED'!G9 -> LU
E4: Reference year: | F4: 2021
G6: Annex I - Table 1 Amount of non-recycled plastic packaging waste (kilograms)
E7: Methodology code | F7: Methodology | G7: kg
F8: A. Total plastic packaging waste generated | G8: 23797948
F9: B. Total plastic packaging waste recycled | G9: 9306160
F10: C. Total plastic packaging waste not recycled (A-B) | G10: =IF(TRIM(CONCATENATE(G8,G9))="","",G8-G9) -> 14491788
F11: Calculation for Table 2 Annex 1 | G11: Euros (EUR)
F12: D. Total plastic own resource (C×0,8) | G12: =IF(TRIM(G10)="","",MAX(G10*0.8,0)) -> 11593430

Sheet ErrorLog
A1: Link to Error | B1: Validation Rule | C1: Cell | D1: Sheet | E1: Description | F1: Severity | G1: Former Color

Sheet Changelog
A1: Changed by | B1: SheetName | C1: Cell | D1: Change | E1: Version | F1: Date | G1: REMARKS

Sheet Lists
A1: Country label | B1: Country code | D1: Valid flags (obs_status) | E1: Label | G1: Valid flags (obs_conf) | H1: Label | J1: Textual variables | K1: String
A2: Belgium | B2: BE | J2: Institutional names
A3: Bulgaria | B3: BG | J3: Eurostat Text | K3: Statistical Office of the European Union
A4: Czechia | B4: CZ | J4: Directorate Text | K4: Directorate E: Sectoral and regional statistics
A5: Denmark | B5: DK | J5: Unit Text | K5: Unit E-2: Environmental statistics and accounts; sustainable development
A6: Germany | B6: DE | J6: Data collection information
A7: Estonia | B7: EE | J7: Data Collection Text | K7: Annual reporting of plastic own resource financial data
A8: Ireland | B8: IE | J8: Data Collection Year | K8: 2023
A9: Greece | B9: EL | J9: Launching date | K9: 1 July 2023
A10: Spain | B10: ES | J10: Submission deadline | K10: 31 July 2023
A11: France | B11: FR | J11: EDAMIS data
A12: Croatia | B12: HR | J12: Domain name | K12: WASTE
A13: Italy | B13: IT | J13: Dataset name | K13: WASTE_PORFDAT_A
A14: Cyprus | B14: CY | J14: Web page | K14: https://webgate.ec.europa.eu/edamis/helpcenter/website/index.htm
A15: Latvia | B15: LV | J15: Functional e-mail | K15: estat-support-edamis@ec.europa.eu
A16: Lithuania | B16: LT | J16: E2 information
A17: Luxembourg | B17: LU | J17: Telephone | K17: (+352) 4301 33213
A18: Hungary | B18: HU | J18: Contact | K18: ESTAT-WASTE-STATISTICS@EC.EUROPA.EU
A19: Malta | B19: MT | J19: Methodology URL | K19: https://circabc.europa.eu/ui/group/63da2eca-69b7-4f51-9f71-a6b4d7519046/library/32b765b9-2c10-4be4-b861-e6e48b9aa9db?p=1&n=10&sort=modified_DESC
A20: Netherlands | B20: NL | J20: Legislation URL | K20: https://circabc.europa.eu/ui/group/63da2eca-69b7-4f51-9f71-a6b4d7519046/library/32b765b9-2c10-4be4-b861-e6e48b9aa9db?p=1&n=10&sort=modified_DESC
A21: Austria | B21: AT
A22: Poland | B22: PL
A23: Portugal | B23: PT
A24: Romania | B24: RO
A25: Slovenia | B25: SI
A26: Slovakia | B26: SK
A27: Finland | B27: FI
A28: Sweden | B28: SE
A29: Wasteland | B29: WL
A42: WASTE-2023-DC

Sheet Lists (specific)
A1: Lumpsum Reduction Country | B1: Lumpsum Reduction Value | C1: verification next year: https://eur-lex.europa.eu/budget/data/General/2023/en/GenRev.pdf
A2: BE | B2: 0
A3: BG | B3: 22000000
A4: CZ | B4: 32187600
A5: DK | B5: 0
A6: DE | B6: 0
A7: EE | B7: 4000000
A8: IE | B8: 0
A9: EL | B9: 32000000
A10: ES | B10: 142000000
A11: FR | B11: 0
A12: HR | B12: 13000000
A13: IT | B13: 184048000
... A28: SE | B28: 0

Sheet MacroBehaviour
A1: COMMON TO ALL (OR MOST) QUESTIONNAIRES | E1: SPECIFIC TO THIS QUESTIONNAIRE
A2: Parameter | B2: Value | C2: (Valid values) | E2: Parameter | F2: Value | G2: (Valid values)
A3: DevelopementMode | B3: TRUE | C3: TRUE (during development) FALSE (For real reporting and testing)

Sheet Locks
A1: Sheet Name | B1: Top Left Cell | C1: Bottom Right Cell | D1: Row Step | E1: Column Step | F1: Lock Type | G1: Focus Back To | H1: Content is Mandatory
A2: FIN_POR | B2: G8 | C2: G10 | D2: 1 | E2: 999 | F2: Formulas | G2: G8 | H2: YES
A3: Tool prefill from DECL_POR | B3: G10 | C3: G10 | D3: 999 | E3: 999 | F3: Formulas | G3: G8 | H3: NO

Sheet Summations
A1: Severity | B1: Sheet Name | C1: List of Cells (first block) | D1: First Total Cell (first block) | E1: Last Total Cell (Last block) | F1: Row Block Repetition Step | G1: Column Block Repetition Step | H1: Greater or Equal | I1: Valid Tolerance | J1: Only if all data is available | K1: Non compliance Is Valid If Footnote Exists | L1: Footnote Shift From Value | M1: Display text in error
A2: Error | B2: FIN_POR | C2: H10 | D2: G10 | E2: G10 | F2: 999 | G2: 999 | H2: EQ | I2: 0.1 | J2: NO | K2: NO | L2: 999 | M2: The reported numbers do not match the formula in Cell G10: "F. Total plastic own resource after reduction (D-E)"; please check and correct the values inserted in cells G8, G9 and G10
A3: Warning | B3: FIN_POR | C3: H9 | D3: G9 | E3: G9 | F3: 999 | G3: 999 | H3: EQ | I3: 0.1 | J3: NO | K3: NO | L3: 999 | M3: =CONCATENATE("The lump sum reduction does not correspond to the amount indicated in legislation for your country: ", 'GETTING STARTED'!E9, " amount in Euro ", FIN_POR!H9) -> The lump sum reduction does not correspond to the amount indicated in legislation for your country: Luxembourg amount in Euro 0
A4: Warning | B4: Tool prefill from DECL_POR | C4: G9,G10 | D4: G8 | E4: G8 | F4: 999 | G4: 999 | H4: EQ | I4: 0.1 | J4: NO | K4: NO | L4: 999 | M4: The inserted numbers do not match the formula in "C. Total plastic packaging waste not recycled (A-B)" Please check the PORSDAT excel file, table DECL_POR and correct the figures.
A5: Warning | B5: FIN_POR | C5: H8 | D5: G8 | E5: G8 | F5: 999 | G5: 999 | H5: EQ | I5: 0.1 | J5: NO | K5: NO | L5: 999 | M5: Reported number "D. Total plastic own resource (C×0,8)" is different from the value calculated in sheet "Tool prefill from DECL_POR"
F36: Must be > 0 for a not relevant dimension. Else you get an infinite loop | H36: EQ or GE or GT | I36: GT does not admit Tolerance | J36: NO or YES
A38: DESCRIPTION
A39: This sheet is meant to define the validation for summations in a row or in a column.
A40: - A block is defined as a sequence of addendums in the same row or column
A41: - Only the first block must be explicitly defined
A42: - The block can be repeated at regular patterns through rows and columns at the same time
A45: PARAMETRES
A46: SheetName | C46: Name of the sheet to be validated (e.g. Table 1)
A47: List of Cells (first block) | C47: First cell in the first block to be validated
A48: First TotalCell (first block)
A49: Last TotalCell (Last block)
A50: Row Block Repetition Step
A51: Column Block Repetition Step
A52: Greater or Equal
A53: Valid Threshold
A54: Only if all data is available
A55: Display text in error | C55: Valid values: EQ (Strictly equal); GE (Greater or Equal); GT (Strictly greater - No threshold will be considered)
D164: =SUM(Summations!B3º) -> #NAME?

Sheet Mandatory
A1: Severity | B1: SheetName | C1: Top Left Cell | D1: Bottom Right Cell | E1: Row Step | F1: Column Step | G1: Empty Is Valid If Footnote Exists | H1: Footnote Shift From Value
A2: Error | B2: GETTING STARTED | C2: E9 | D2: E10 | E2: 1 | F2: 999 | G2: NO | H2: 999 | I2: STANDARD FOR ALL QUESTIONNAIRES
A3: Error | B3: GETTING STARTED | C3: D14 | D3: D22 | E3: 2 | F3: 999 | G3: NO | H3: 999
A4: Error | B4: FIN_POR | C4: G8 | D4: G10 | E4: 1 | F4: 999 | G4: NO | H4: 999

Sheet IsFormula
A1: Severity | B1: Sheet Name | C1: Top Left Cell | D1: Bottom Right Cell | E1: Row Step | F1: Column Step
A2: Info | B2: FIN_POR | C2: G8 | D2: G10 | E2: 1 | F2: 999

Sheet MustNotBeNegative
A1: Severity | B1: SheetName | C1: TopLeftCell | D1: BottomRightCell | E1: RowStep | F1: ColumnStep
A2: Error | B2: FIN_POR | C2: G8 | D2: G10 | E2: 1 | F2: 999

Sheet IsNumeric
A1: Severity | B1: SheetName | C1: TopLeftCell | D1: BottomRightCell | E1: RowStep | F1: ColumnStep
A2: Error | B2: FIN_POR | C2: G8 | D2: G10 | E2: 1 | F2: 999
